 Dungeon Crawl Stone Soup version 0.18-a0-316-gf882de5 (console) character file.

24552 endege the Brawler (level 12, -9/177 HPs)
             Began as a Troll Berserker on Nov 27, 2015.
             Was a High Priest of Trog.
             Mangled by a 16-headed hydra (10 damage)
             ... on level 4 of the Lair of Beasts.
             The game lasted 00:14:57 (14692 turns).

endege the Brawler (Troll Berserker)               Turns: 14692, Time: 00:14:57

Health: -9/177     AC: 12    Str: 33    XL:     12   Next: 81%
Magic:  11/11      EV: 11    Int:  3    God:    Trog [*****.]
Gold:   985        SH: 19    Dex: 13    Spells: 0 memorised, 11 levels left

rFire  . . .     SeeInvis .       - Unarmed
rCold  + . .     Clarity  +     p - +2 robe {rC+}
rNeg   . . .     SustAt   .     w - +1 large shield
rPois  +         Gourm    +     (helmet restricted)
rElec  .         Spirit   .     d - +0 cloak
rCorr  .         Warding  .     (gloves unavailable)
rMut   .         Stasis   .     (boots unavailable)
MR     .....                    r - amulet of clarity
Stlth  ..........               z - +4 ring of protection
                                o - ring of poison resistance

@: berserking (expiring), very quick, not resistant to hostile enchantments,
extremely unstealthy
A: unfitting armour, claws 3, fast metabolism 3, gourmand, regeneration 2,
shaggy fur 1, tough skin 2
a: Berserk, Trog's Hand, Brothers in Arms, Burn Spellbooks, Renounce Religion


You were on level 4 of the Lair of Beasts.
You worshipped Trog.
Trog was extremely pleased with you.
You were completely stuffed.

You visited 2 branches of the dungeon, and saw 14 of its levels.

You collected 1009 gold pieces.
You spent 24 gold pieces at shops.


Innate Abilities, Weirdness & Mutations

You are too large for most types of armour.
You have claws for hands.
Your metabolism is lightning-fast.
You like to eat raw meat.
You heal very quickly.
You are covered in fur (AC +1).
You have very tough skin (AC +2).


   Skills:
 + Level 7.6 Fighting
 - Level 7.7 Dodging
 - Level 7.7 Shields
 + Level 15.3 Unarmed Combat


You had 11 spell levels left.
You didn't know any spells.

Inventory:

Missiles
 s - 2 javelins (quivered)
Armour
 d - a +0 cloak (worn)
 p - a +2 robe of cold resistance (worn)
 v - a +2 robe of magic resistance
 w - a +1 large shield (worn)
 y - a +1 robe of magic resistance
Jewellery
 o - a ring of poison resistance (left claw)
 r - an amulet of clarity (around neck)
 z - a +4 ring of protection (right claw)
 A - an uncursed ring of ice
Wands
 a - a wand of digging (21)
Scrolls
 c - 3 scrolls of recharging
 q - a scroll of enchant weapon
 x - 2 scrolls of remove curse
Potions
 f - 4 potions of heal wounds
 h - a potion of agility {unknown}
 i - 2 potions of haste
 k - 2 potions of might
 l - a potion of experience {unknown}
 t - a potion of mutation {unknown}
 u - 7 potions of curing
Comestibles
 b - 11 bread rations
 e - 4 beef jerkies
 g - 11 chunks of flesh
 j - 2 royal jellies
 m - 11 fruits
 n - 5 meat rations

Dungeon Overview and Level Annotations

Branches:
Dungeon (10/15)            Temple (0/1) D:4            Lair (4/8) D:10
    Orc (0/4) D:10
  Swamp: Lair:3-6    Shoals: Lair:3-6     Snake: Lair:3-6    Spider: Lair:3-6

Altars:
Elyvilon
Gozag
Makhleb
Trog
Vehumet
Yredelemnul
The Shining One

Shops:
D:8 *   D:9 *


Message History

The 15-headed hydra barely misses you. The 15-headed hydra closely misses you.
You block the 15-headed hydra's attack. The 15-headed hydra barely misses you.
The 15-headed hydra bites you but does no damage.
The 15-headed hydra closely misses you.
The 15-headed hydra bites you but does no damage.
The 15-headed hydra bites you!
* * * LOW HITPOINT WARNING * * *
You claw one of the 15-headed hydra's heads off!
The 14-headed hydra grows two more!
You mangle the 16-headed hydra!!
The 16-headed hydra is heavily wounded.
You block the 16-headed hydra's attack. x2
The 16-headed hydra bites you!
* * * LOW HITPOINT WARNING * * *
You block the 16-headed hydra's attack. The 16-headed hydra bites you!
* * * LOW HITPOINT WARNING * * *
The 16-headed hydra bites you!!
* * * LOW HITPOINT WARNING * * *
The 16-headed hydra misses you. You block the 16-headed hydra's attack.
The 16-headed hydra barely misses you. The 16-headed hydra bites you!
You die...

..#...#.##. #.........
##..(..... #...
#............#........
#....##.....$.....#.........
.)..........%......##.....##.
...#>....P#...%%....#.#######.
................P%...#####..##.
...............%%..............
...............................
.............@D%..............
.....?...................##...
##........##..#......###~...
#............#.....###~~~~..
##.P.........#....##~~~)~~##
#................#~~~~~~##.
#....P...P.%......#~~~~~##..
#.................##~~~##..#
##...........##...######..##
#.................# ##.###
#.....#......PP...### #..###


You could see a 16-headed hydra.

Vanquished Creatures
  Fannar (D:10)
  Erica (D:8)
  An unseen horror (D:10)
  2 hill giants (D:10)
  A siren (Lair:4)
  2 elephants (Lair:4)
  Psyche (D:8)
  2 black mambas (Lair:3)
  4 spiny frogs
  A komodo dragon (Lair:1)
  A fire drake (Lair:3)
  11 blink frogs
  2 wyverns
  A spriggan (D:7)
  A wraith (D:10)
  A deep elf mage (D:9)
  28 yaks
  5 hippogriffs
  12 wolves
  8 porcupines
  6 water moccasins
  2 black bears
  A wasp (D:8)
  7 sky beasts
  3 phantoms
  2 centaurs
  4 ogres
  2 orc warriors
  2 ice beasts
  A necrophage (D:5)
  8 crocodiles
  9 giant frogs
  5 killer bees (D:10)
  7 scorpions
  11 wights
  An electric eel (Lair:4)
  4 crimson imps
  2 hounds
  2 quasits
  A giant frog zombie (D:9)
  9 iguanas
  9 orc priests
  10 orc wizards
  A centaur skeleton (D:6)
  A giant frog skeleton (D:5)
  2 gnoll shamans
  A killer bee zombie (D:8)
  10 sheep
  7 worker ants
  A hound zombie (D:8)
  A worker ant zombie (D:7)
  12 adders
  48 gnolls
  16 river rats
  4 shadow imps
  12 white imps (Lair:2)
  An adder skeleton (D:6)
  A worm (D:4)
  11 giant geckos
  25 orcs
  3 ball pythons
  10 bats
  3 giant cockroaches
  7 goblins
  11 hobgoblins
  23 jackals
  7 kobolds
  2 quokkas (D:2)
  A giant gecko skeleton (D:9)
  A giant gecko zombie (D:6)
  2 giant newts
  A goblin skeleton (D:7)
  A goblin zombie (D:7)
  4 hobgoblin zombies (D:7)
  2 kobold skeletons (D:7)
  15 rats
  2 fungi (D:10)
443 creatures vanquished.

Vanquished Creatures (collateral kills)
  A hydra (Lair:3)
  An unseen horror (D:10)
  A hill giant (D:10)
3 creatures vanquished.

Vanquished Creatures (others)
  An orc wizard (D:4)
  A jackal (D:4)
  15 fungi
  A plant (D:10)
18 creatures vanquished.

Grand Total: 464 creatures vanquished

Notes
Turn   | Place    | Note
--------------------------------------------------------------
     0 | D:1      | endege the Troll Berserker began the quest for the Orb.
     0 | D:1      | Reached XP level 1. HP: 22/22 MP: 0/0
     0 | D:1      | 0 ||| counter = 34
     9 | D:1      | 9 ||| Stepping ~*~*~tactically~*~*~ (outnumbered).
    10 | D:1      | 10 ||| Stepping ~*~*~tactically~*~*~ (outnumbered).
    11 | D:1      | 11 ||| Stepping ~*~*~tactically~*~*~ (outnumbered).
   120 | D:1      | Reached XP level 2. HP: 29/29 MP: 1/1
   169 | D:1      | 169 ||| Stepping ~*~*~tactically~*~*~ (outnumbered).
   171 | D:1      | 171 ||| Stepping ~*~*~tactically~*~*~ (outnumbered).
   187 | D:1      | Reached skill level 4 in Unarmed Combat
   268 | D:1      | 268 ||| Stepping ~*~*~tactically~*~*~ (outnumbered).
   271 | D:1      | Reached ** piety under Trog
   385 | D:1      | Reached XP level 3. HP: 33/36 MP: 2/2
   587 | D:1      | 587 ||| READING 2 scrolls labeled IWAHIORIUG.
   588 | D:1      | 588 ||| READING scroll labeled OQOSYA MEPNONN.
   591 | D:1      | 591 ||| READING scroll labeled NAX OREHOQOUQ.
   592 | D:1      | 592 ||| READING scroll of identify.
   592 | D:1      | 592 ||| IDENTIFYING diamond ring
   593 | D:1      | 593 ||| DROPPING ring of stealth.
   606 | D:2      | 606 ||| STAIRDANCE
   616 | D:2      | 616 ||| STAIRDANCE
  1030 | D:2      | Reached XP level 4. HP: 41/44 MP: 3/3
  1124 | D:2      | Reached skill level 5 in Unarmed Combat
  1347 | D:2      | 1347 ||| READING scroll labeled PUAFIYFIWE.
  1348 | D:2      | 1348 ||| READING scroll labeled DASACZ FORE.
  1349 | D:2      | 1349 ||| DRINKING 2 blue potions.
  1350 | D:2      | 1350 ||| READING 2 scrolls of identify.
  1350 | D:2      | 1350 ||| IDENTIFYING tiny platinum amulet
  1351 | D:2      | 1351 ||| DROPPING amulet of stasis.
  1352 | D:2      | 1352 ||| READING scroll of identify.
  1352 | D:2      | 1352 ||| IDENTIFYING wooden ring
  1353 | D:2      | 1353 ||| UPGRADING to ring of poison resistance.
  1354 | D:2      | 1354 ||| DROPPING potion of flight.
  1372 | D:3      | 1372 ||| STAIRDANCE
  1539 | D:3      | Found a white marble altar of Elyvilon.
  1617 | D:3      | Reached *** piety under Trog
  2008 | D:3      | Noticed an ogre
  2012 | D:3      | 2012 ||| INVOKING Berserk.
  2019 | D:3      | Killed an ogre
  2019 | D:3      | Reached skill level 3 in Dodging
  2019 | D:3      | Reached XP level 5. HP: 50/50 MP: 4/4
  2186 | D:3      | 2186 ||| INVOKING Berserk.
  2197 | D:3      | 2197 ||| READING 2 scrolls of teleportation.
  2301 | D:3      | 2301 ||| INVOKING Berserk.
  2302 | D:3      | Reached skill level 6 in Unarmed Combat
  2302 | D:3      | Reached XP level 6. HP: 59/59 MP: 5/5
  2707 | D:4      | 2707 ||| STAIRDANCE
  2717 | D:3      | Reached skill level 3 in Fighting
  2865 | D:4      | Found an opulent altar of Gozag.
  2884 | D:4      | 2884 ||| INVOKING Berserk.
  2904 | D:4      | 2904 ||| READING scroll of teleportation.
  3117 | D:4      | Reached XP level 7. HP: 67/67 MP: 6/6
  3227 | D:4      | Found a staircase to the Ecumenical Temple.
  3249 | D:4      | Reached skill level 7 in Unarmed Combat
  3291 | D:4      | 3291 ||| INVOKING Berserk.
  3299 | D:4      | Reached **** piety under Trog
  3468 | D:4      | 3468 ||| Stepping ~*~*~tactically~*~*~ (outnumbered).
  3475 | D:4      | 3475 ||| Stepping ~*~*~tactically~*~*~ (outnumbered).
  3477 | D:4      | 3477 ||| INVOKING Berserk.
  3488 | D:4      | HP: 18/102 [gnoll/spear (8)]
  3493 | D:4      | HP: 14/105 [gnoll/spear (1)]
  3653 | D:4      | 3653 ||| Stepping ~*~*~tactically~*~*~ (outnumbered).
  3657 | D:4      | Reached XP level 8. HP: 78/78 MP: 7/7
  3659 | D:4      | Reached skill level 8 in Unarmed Combat
  3660 | D:4      | 3660 ||| Stepping ~*~*~tactically~*~*~ (outnumbered).
  3672 | D:4      | 3672 ||| Stepping ~*~*~tactically~*~*~ (outnumbered).
  4143 | D:4      | 4143 ||| UPGRADING to shield.
  4148 | D:4      | 4148 ||| READING scroll of enchant armour.
  4148 | D:4      | 4148 ||| ENCHANTING +0 shield.
  4149 | D:4      | 4149 ||| READING scroll labeled UXZAZX AM BABY.
  4150 | D:4      | 4150 ||| DRINKING 2 murky ruby potions.
  4151 | D:4      | 4151 ||| READING 2 scrolls of identify.
  4151 | D:4      | 4151 ||| IDENTIFYING emerald ring
  4152 | D:4      | 4152 ||| DROPPING cursed -3 ring of dexterity.
  4153 | D:4      | 4153 ||| DROPPING wand of lightning.
  4181 | D:5      | Entered Level 5 of the Dungeon
  4370 | D:5      | Reached skill level 1 in Shields
  4515 | D:5      | Found a basalt altar of Yredelemnul.
  4602 | D:5      | 4602 ||| READING scroll of enchant armour.
  4602 | D:5      | 4602 ||| ENCHANTING +1 shield.
  4873 | D:5      | 4873 ||| READING scroll labeled VUMEOSHR GOBATZ.
  4874 | D:5      | 4874 ||| READING scroll labeled ZOUPEF KYBO.
  4875 | D:5      | 4875 ||| DRINKING 2 fizzy yellow potions.
  4876 | D:5      | 4876 ||| READING 2 scrolls of identify.
  4876 | D:5      | 4876 ||| IDENTIFYING dented bone amulet
  4877 | D:5      | 4877 ||| UPGRADING to amulet of clarity.
  4878 | D:5      | 4878 ||| DROPPING potion of brilliance.
  4896 | D:6      | 4896 ||| STAIRDANCE
  4933 | D:6      | 4933 ||| Stepping ~*~*~tactically~*~*~ (outnumbered).
  4934 | D:6      | 4934 ||| Stepping ~*~*~tactically~*~*~ (outnumbered).
  4942 | D:6      | 4942 ||| Stepping ~*~*~tactically~*~*~ (outnumbered).
  4943 | D:6      | 4943 ||| Stepping ~*~*~tactically~*~*~ (outnumbered).
  4944 | D:6      | 4944 ||| Stepping ~*~*~tactically~*~*~ (outnumbered).
  4945 | D:6      | 4945 ||| Stepping ~*~*~tactically~*~*~ (outnumbered).
  4946 | D:6      | 4946 ||| Stepping ~*~*~tactically~*~*~ (outnumbered).
  4947 | D:6      | 4947 ||| Stepping ~*~*~tactically~*~*~ (outnumbered).
  4948 | D:6      | 4948 ||| STAIRDANCE
  4954 | D:5      | 4954 ||| READING 2 scrolls of identify.
  4954 | D:5      | 4954 ||| IDENTIFYING puce potion
  4955 | D:5      | 4955 ||| DROPPING potion of poison.
  4958 | D:6      | 4958 ||| STAIRDANCE
  5078 | D:6      | 5078 ||| INVOKING Berserk.
  5244 | D:6      | Found a glowing drain.
  5245 | D:6      | 5245 ||| Found Sewer.
  5248 | D:6      | 5248 ||| Stepping ~*~*~tactically~*~*~ (outnumbered).
  5249 | D:6      | 5249 ||| Stepping ~*~*~tactically~*~*~ (outnumbered).
  5250 | D:6      | 5250 ||| Stepping ~*~*~tactically~*~*~ (outnumbered).
  5253 | D:6      | Reached ***** piety under Trog
  5269 | D:6      | Reached skill level 9 in Unarmed Combat
  5299 | D:6      | Found a bloodstained altar of Trog.
  5454 | D:6      | Reached skill level 3 in Shields
  5669 | D:6      | 5669 ||| UPGRADING to cloak.
  5674 | D:6      | 5674 ||| UPGRADING to large shield.
  5684 | D:6      | 5684 ||| DROPPING +2 shield.
  5685 | D:6      | 5685 ||| READING 2 scrolls of identify.
  5685 | D:6      | 5685 ||| IDENTIFYING silvery potion
  5806 | D:7      | Found a glowing golden altar of the Shining One.
  5819 | D:7      | 5819 ||| Stepping ~*~*~tactically~*~*~ (outnumbered).
  5820 | D:7      | 5820 ||| Stepping ~*~*~tactically~*~*~ (outnumbered).
  5822 | D:7      | 5822 ||| Stepping ~*~*~tactically~*~*~ (outnumbered).
  5823 | D:7      | 5823 ||| Stepping ~*~*~tactically~*~*~ (outnumbered).
  6000 | D:7      | Reached XP level 9. HP: 84/84 MP: 8/8
  6010 | D:7      | Reached skill level 10 in Unarmed Combat
  6019 | D:7      | 6019 ||| EATING 4 beef jerkies.
  6306 | D:7      | 6306 ||| INVOKING Berserk.
  6553 | D:7      | 6553 ||| INVOKING Berserk.
  6616 | D:7      | 6616 ||| UPGRADING to embroidered robe.
  6626 | D:7      | 6626 ||| DROPPING +0 animal skin.
  6627 | D:7      | 6627 ||| READING 2 scrolls of identify.
  6627 | D:7      | 6627 ||| IDENTIFYING ruby potion
  6628 | D:7      | 6628 ||| DROPPING potion of degeneration.
  6629 | D:7      | 6629 ||| DROPPING wand of slowing.
  6678 | D:8      | 6678 ||| STAIRDANCE
  6687 | D:8      | 6687 ||| STAIRDANCE
  6689 | D:7      | 6689 ||| INVOKING Berserk.
  6742 | D:8      | 6742 ||| STAIRDANCE
  6748 | D:7      | Reached skill level 11 in Unarmed Combat
  6790 | D:8      | 6790 ||| Stepping ~*~*~tactically~*~*~ (outnumbered).
  6791 | D:8      | 6791 ||| Stepping ~*~*~tactically~*~*~ (outnumbered).
  6793 | D:8      | 6793 ||| Stepping ~*~*~tactically~*~*~ (outnumbered).
  6794 | D:8      | 6794 ||| Stepping ~*~*~tactically~*~*~ (outnumbered).
  6795 | D:8      | 6795 ||| Stepping ~*~*~tactically~*~*~ (outnumbered).
  6796 | D:8      | 6796 ||| Stepping ~*~*~tactically~*~*~ (outnumbered).
  6797 | D:8      | 6797 ||| Stepping ~*~*~tactically~*~*~ (outnumbered).
  6798 | D:8      | 6798 ||| Stepping ~*~*~tactically~*~*~ (outnumbered).
  6799 | D:8      | 6799 ||| Stepping ~*~*~tactically~*~*~ (outnumbered).
  6801 | D:8      | 6801 ||| INVOKING Berserk.
  6807 | D:8      | Reached XP level 10. HP: 94/94 MP: 9/9
  6846 | D:8      | Noticed Psyche
  6848 | D:8      | 6848 ||| READING 4 scrolls of teleportation.
  6851 | D:8      | 6851 ||| READING 3 scrolls of teleportation.
  6853 | D:8      | Found Ybucw's General Store.
  6861 | D:8      | 6861 ||| Stepping ~*~*~tactically~*~*~ (outnumbered).
  6862 | D:8      | 6862 ||| Stepping ~*~*~tactically~*~*~ (outnumbered).
  6864 | D:8      | 6864 ||| Stepping ~*~*~tactically~*~*~ (outnumbered).
  6865 | D:8      | 6865 ||| Stepping ~*~*~tactically~*~*~ (outnumbered).
  6866 | D:8      | 6866 ||| Stepping ~*~*~tactically~*~*~ (outnumbered).
  6868 | D:8      | 6868 ||| Stepping ~*~*~tactically~*~*~ (outnumbered).
  6881 | D:8      | Bought a scroll of identify for 24 gold pieces
  6918 | D:8      | Noticed Erica
  6921 | D:8      | 6921 ||| INVOKING Berserk.
  6934 | D:8      | Killed Erica
  7127 | D:8      | 7127 ||| INVOKING Berserk.
  7205 | D:8      | 7205 ||| Stepping ~*~*~tactically~*~*~ (outnumbered).
  7299 | D:8      | 7299 ||| INVOKING Berserk.
  7305 | D:8      | Killed Psyche
  7458 | D:8      | Found a burning altar of Makhleb.
  7460 | D:8      | Found a radiant altar of Vehumet.
  7805 | D:8      | 7805 ||| INVOKING Berserk.
  7807 | D:8      | Received a gift from Trog
  7900 | D:8      | 7900 ||| UPGRADING to runed robe.
  7910 | D:8      | 7910 ||| UPGRADING to glowing robe.
  7920 | D:8      | 7920 ||| UPGRADING to +0 robe of magic resistance.
  7930 | D:8      | 7930 ||| DROPPING +0 robe of resistance.
  7931 | D:8      | 7931 ||| UPGRADING to embroidered robe.
  7941 | D:8      | 7941 ||| DROPPING +0 robe of magic resistance.
  7942 | D:8      | 7942 ||| DRINKING 2 yellow potions.
  7943 | D:8      | 7943 ||| READING 2 scrolls of identify.
  7943 | D:8      | 7943 ||| IDENTIFYING ivory ring
  7944 | D:8      | 7944 ||| UPGRADING to +4 ring of protection.
  7945 | D:8      | 7945 ||| DROPPING wand of fire.
  8145 | D:9      | Reached skill level 12 in Unarmed Combat
  8392 | D:9      | 8392 ||| Stepping ~*~*~tactically~*~*~ (outnumbered).
  8393 | D:9      | 8393 ||| Stepping ~*~*~tactically~*~*~ (outnumbered).
  8394 | D:9      | 8394 ||| Stepping ~*~*~tactically~*~*~ (outnumbered).
  8528 | D:9      | 8528 ||| Stepping ~*~*~tactically~*~*~ (outnumbered).
  8529 | D:9      | 8529 ||| Stepping ~*~*~tactically~*~*~ (outnumbered).
  8530 | D:9      | 8530 ||| Stepping ~*~*~tactically~*~*~ (outnumbered).
  8606 | D:9      | Found Wyutoiqosu's Demolitions Depot.
  9337 | D:9      | 9337 ||| DRINKING 2 fizzy red potions.
  9338 | D:9      | 9338 ||| READING 2 scrolls of identify.
  9338 | D:9      | 9338 ||| IDENTIFYING fizzy cyan potion
  9339 | D:9      | 9339 ||| DROPPING potion of lignification.
  9340 | D:9      | 9340 ||| DROPPING wand of random effects.
  9389 | D:10     | Entered Level 10 of the Dungeon
  9404 | D:10     | Reached XP level 11. HP: 105/105 MP: 10/10
  9433 | D:10     | Noticed a hill giant
  9437 | D:10     | 9437 ||| INVOKING Berserk.
  9438 | D:10     | Killed a hill giant
  9438 | D:10     | Reached skill level 6 in Shields
  9525 | D:10     | Reached skill level 6 in Dodging
  9597 | D:10     | Found a staircase to the Lair.
  9623 | D:10     | Noticed Fannar
  9623 | D:10     | 9623 ||| INVOKING Berserk.
  9624 | D:10     | Reached skill level 6 in Fighting
  9628 | D:10     | Noticed a hill giant
  9642 | D:10     | 9642 ||| Stepping ~*~*~tactically~*~*~ (outnumbered).
  9643 | D:10     | 9643 ||| Stepping ~*~*~tactically~*~*~ (outnumbered).
  9644 | D:10     | 9644 ||| Stepping ~*~*~tactically~*~*~ (outnumbered).
  9645 | D:10     | 9645 ||| Stepping ~*~*~tactically~*~*~ (outnumbered).
  9646 | D:10     | 9646 ||| READING 3 scrolls of teleportation.
  9647 | D:10     | 9647 ||| Stepping ~*~*~tactically~*~*~ (outnumbered).
  9648 | D:10     | 9648 ||| READING 2 scrolls of teleportation.
  9758 | D:10     | Killed an unseen horror
  9872 | D:10     | 9872 ||| INVOKING Berserk.
  9889 | D:10     | Killed Fannar
  9889 | D:10     | Reached skill level 13 in Unarmed Combat
  9904 | D:10     | HP: 25/105 [something (8)]
  9905 | D:10     | 9905 ||| DRINKING 3 potions of heal wounds.
  9912 | D:10     | 9912 ||| READING scroll of teleportation.
  9991 | D:10     | 9991 ||| INVOKING Berserk.
  9999 | D:10     | 9999 ||| INVOKING Brothers in Arms.
 10002 | D:10     | Killed an unseen horror
 10003 | D:10     | Killed a hill giant
 10106 | D:10     | 10106 ||| Stepping ~*~*~tactically~*~*~ (outnumbered).
 10238 | D:10     | Found a staircase to the Orcish Mines.
 10251 | D:10     | Received a gift from Trog
 10678 | D:10     | Noticed a hill giant
 10682 | D:10     | 10682 ||| INVOKING Berserk.
 10689 | D:10     | Killed a hill giant
 10747 | D:10     | 10747 ||| UPGRADING to runed robe.
 10757 | D:10     | 10757 ||| UPGRADING to robe of cold resistance.
 10767 | D:10     | 10767 ||| DROPPING +2 robe of magic resistance.
 10768 | D:10     | 10768 ||| READING scroll labeled JAIJIO HUUPPU.
 10769 | D:10     | 10769 ||| READING 2 scrolls of identify.
 10769 | D:10     | 10769 ||| IDENTIFYING ring of ice
 10770 | D:10     | 10770 ||| DROPPING wand of paralysis.
 10797 | Lair:1   | Entered Level 1 of the Lair of Beasts
 10798 | Lair:1   | 10798 ||| Entered L.
 10843 | Lair:1   | 10843 ||| Stepping ~*~*~tactically~*~*~ (outnumbered).
 10845 | Lair:1   | 10845 ||| Stepping ~*~*~tactically~*~*~ (outnumbered).
 10846 | Lair:1   | 10846 ||| Stepping ~*~*~tactically~*~*~ (outnumbered).
 10847 | Lair:1   | 10847 ||| Stepping ~*~*~tactically~*~*~ (outnumbered).
 10848 | Lair:1   | 10848 ||| Stepping ~*~*~tactically~*~*~ (outnumbered).
 10849 | Lair:1   | 10849 ||| Stepping ~*~*~tactically~*~*~ (outnumbered).
 10850 | Lair:1   | 10850 ||| Stepping ~*~*~tactically~*~*~ (outnumbered).
 10851 | Lair:1   | 10851 ||| Stepping ~*~*~tactically~*~*~ (outnumbered).
 10852 | Lair:1   | 10852 ||| Stepping ~*~*~tactically~*~*~ (outnumbered).
 10853 | Lair:1   | 10853 ||| Stepping ~*~*~tactically~*~*~ (outnumbered).
 10887 | Lair:1   | 10887 ||| INVOKING Berserk.
 10976 | Lair:1   | 10976 ||| READING scroll of enchant armour.
 10976 | Lair:1   | 10976 ||| ENCHANTING +0 large shield.
 11043 | Lair:1   | 11043 ||| INVOKING Berserk.
 11161 | Lair:1   | 11161 ||| INVOKING Berserk.
 11809 | Lair:1   | 11809 ||| READING scroll labeled ZECZIQ BUCAO.
 11810 | Lair:1   | 11810 ||| READING scroll labeled VELEAV RY XUWK.
 11811 | Lair:1   | 11811 ||| READING scroll labeled ILONLA IQISTIP.
 11812 | Lair:1   | 11812 ||| READING scroll of identify.
 11812 | Lair:1   | 11812 ||| IDENTIFYING encrusted diamond ring
 11813 | Lair:1   | 11813 ||| DROPPING ring of invisibility.
 11969 | Lair:2   | 11969 ||| Stepping ~*~*~tactically~*~*~ (outnumbered).
 11970 | Lair:2   | 11970 ||| Stepping ~*~*~tactically~*~*~ (outnumbered).
 12026 | Lair:2   | 12026 ||| Stepping ~*~*~tactically~*~*~ (outnumbered).
 12028 | Lair:2   | Reached skill level 14 in Unarmed Combat
 12072 | Lair:2   | Found a frozen archway.
 12096 | Lair:2   | Reached XP level 12. HP: 106/115 MP: 11/11
 12230 | Lair:2   | 12230 ||| Stepping ~*~*~tactically~*~*~ (outnumbered).
 12510 | Lair:2   | You fall through a shaft!
 12511 | Lair:3   | 12511 ||| Shafted from Lair:2 to Lair:3.
 12556 | Lair:3   | 12556 ||| Stepping ~*~*~tactically~*~*~ (outnumbered).
 12557 | Lair:3   | 12557 ||| Stepping ~*~*~tactically~*~*~ (outnumbered).
 12558 | Lair:3   | 12558 ||| Stepping ~*~*~tactically~*~*~ (outnumbered).
 12559 | Lair:3   | 12559 ||| Stepping ~*~*~tactically~*~*~ (outnumbered).
 12562 | Lair:3   | 12562 ||| Stepping ~*~*~tactically~*~*~ (outnumbered).
 12563 | Lair:3   | 12563 ||| Stepping ~*~*~tactically~*~*~ (outnumbered).
 12565 | Lair:3   | 12565 ||| Stepping ~*~*~tactically~*~*~ (outnumbered).
 12665 | Lair:3   | Noticed an eight-headed hydra
 12666 | Lair:3   | 12666 ||| INVOKING Brothers in Arms.
 12669 | Lair:3   | 12669 ||| INVOKING Berserk.
 12671 | Lair:3   | Killed a ten-headed hydra
 12786 | Lair:3   | 12786 ||| Stepping ~*~*~tactically~*~*~ (outnumbered).
 12787 | Lair:3   | 12787 ||| Stepping ~*~*~tactically~*~*~ (outnumbered).
 12807 | Lair:2   | 12807 ||| Successfully unshafted to Lair:2.
 12810 | Lair:2   | Received a gift from Trog
 12811 | Lair:2   | 12811 ||| Stepping ~*~*~tactically~*~*~ (outnumbered).
 12812 | Lair:2   | 12812 ||| Stepping ~*~*~tactically~*~*~ (outnumbered).
 12813 | Lair:2   | 12813 ||| Stepping ~*~*~tactically~*~*~ (outnumbered).
 12814 | Lair:2   | 12814 ||| Stepping ~*~*~tactically~*~*~ (outnumbered).
 12815 | Lair:2   | 12815 ||| Stepping ~*~*~tactically~*~*~ (outnumbered).
 12816 | Lair:2   | 12816 ||| Stepping ~*~*~tactically~*~*~ (outnumbered).
 12817 | Lair:2   | 12817 ||| Stepping ~*~*~tactically~*~*~ (outnumbered).
 12818 | Lair:2   | 12818 ||| Stepping ~*~*~tactically~*~*~ (outnumbered).
 12819 | Lair:2   | 12819 ||| Stepping ~*~*~tactically~*~*~ (outnumbered).
 12820 | Lair:2   | 12820 ||| Stepping ~*~*~tactically~*~*~ (outnumbered).
 12821 | Lair:2   | 12821 ||| Stepping ~*~*~tactically~*~*~ (outnumbered).
 12822 | Lair:2   | 12822 ||| Stepping ~*~*~tactically~*~*~ (outnumbered).
 13330 | Lair:3   | 13330 ||| INVOKING Berserk.
 13460 | Lair:3   | 13460 ||| Stepping ~*~*~tactically~*~*~ (outnumbered).
 13461 | Lair:3   | 13461 ||| Stepping ~*~*~tactically~*~*~ (outnumbered).
 13465 | Lair:3   | 13465 ||| Stepping ~*~*~tactically~*~*~ (outnumbered).
 13469 | Lair:3   | Received a gift from Trog
 13833 | Lair:3   | 13833 ||| Stepping ~*~*~tactically~*~*~ (outnumbered).
 13835 | Lair:3   | 13835 ||| Stepping ~*~*~tactically~*~*~ (outnumbered).
 13836 | Lair:3   | 13836 ||| Stepping ~*~*~tactically~*~*~ (outnumbered).
 13837 | Lair:3   | 13837 ||| Stepping ~*~*~tactically~*~*~ (outnumbered).
 13839 | Lair:3   | 13839 ||| Stepping ~*~*~tactically~*~*~ (outnumbered).
 13846 | Lair:3   | Reached skill level 15 in Unarmed Combat
 14128 | Lair:3   | 14128 ||| READING scroll labeled UBO KUWOCO.
 14294 | Lair:4   | 14294 ||| INVOKING Berserk.
 14314 | Lair:4   | 14314 ||| READING scroll of teleportation.
 14418 | Lair:4   | 14418 ||| Stepping ~*~*~tactically~*~*~ (outnumbered).
 14419 | Lair:4   | 14419 ||| Stepping ~*~*~tactically~*~*~ (outnumbered).
 14420 | Lair:4   | 14420 ||| Stepping ~*~*~tactically~*~*~ (outnumbered).
 14421 | Lair:4   | 14421 ||| Stepping ~*~*~tactically~*~*~ (outnumbered).
 14424 | Lair:4   | 14424 ||| Stepping ~*~*~tactically~*~*~ (outnumbered).
 14425 | Lair:4   | 14425 ||| Stepping ~*~*~tactically~*~*~ (outnumbered).
 14426 | Lair:4   | 14426 ||| Stepping ~*~*~tactically~*~*~ (outnumbered).
 14427 | Lair:4   | 14427 ||| Stepping ~*~*~tactically~*~*~ (outnumbered).
 14430 | Lair:4   | 14430 ||| Stepping ~*~*~tactically~*~*~ (outnumbered).
 14431 | Lair:4   | 14431 ||| Stepping ~*~*~tactically~*~*~ (outnumbered).
 14466 | Lair:4   | 14466 ||| Stepping ~*~*~tactically~*~*~ (outnumbered).
 14467 | Lair:4   | 14467 ||| Stepping ~*~*~tactically~*~*~ (outnumbered).
 14468 | Lair:4   | 14468 ||| Stepping ~*~*~tactically~*~*~ (outnumbered).
 14469 | Lair:4   | 14469 ||| Stepping ~*~*~tactically~*~*~ (outnumbered).
 14667 | Lair:4   | Noticed an eight-headed hydra
 14667 | Lair:4   | 14667 ||| INVOKING Brothers in Arms.
 14681 | Lair:4   | 14681 ||| INVOKING Berserk.
 14692 | Lair:4   | HP: 33/177 [16-headed hydra (15)]
 14692 | Lair:4   | HP: 1/177 [16-headed hydra (18)]
 14692 | Lair:4   | Mangled by a 16-headed hydra

Vault maps used:
D:1:      dpeg_arrival_court
D:2:      first_bread
D:3:      elyvilon_altar_5
D:4:      lemuel_castle_with_subvaults, nicolae_gozag_seed_capital,
          minmay_temple_entry_glassed_door, st_stairs_12, grunt_ministairs_5,
          nrook_loot_triangle
D:5:      minmay_opposing_rooms, lemuel_doored_altar, minmay_crystal_room
D:6:      lightli_temple_of_fire, portal_sewer_entry_f
D:7:      nicolae_tso_besieged_by_evil, the_bakery
D:8:      grunt_temple_overflow_lords_of_destruction, serial_shops, shop,
          uniq_psyche, uniq_erica
D:9:      nicolae_blasting_shop
D:10:     due_lair_maze_entry_diamond, orc_0_dummy, hive_lemuel, uniq_fannar
Lair:1:   grunt_megastairs_3, lemuel_fruit_fields
Lair:2:   portal_ice_cave_entry_imps, minivault_23
Lair:4:   minmay_shoals_entry_lonely_mermaid, serial_bayou_shore_a,
          lemuel_fruit_tree, lemuel_fruit_fields

Action                   |  1- 3 |  4- 6 |  7- 9 | 10-12 || total
-------------------------+-------+-------+-------+-------++-------
Melee: Unarmed           |   102 |   146 |   280 |   701 ||  1229
Throw: Large rock        |       |       |    66 |    77 ||   143
       Javelin           |       |       |    13 |   154 ||   167
       Tomahawk          |       |       |       |     5 ||     5
Invok: Berserk           |       |     4 |     7 |    16 ||    27
       Brothers in Arms  |       |       |       |     3 ||     3
  Use: Scroll            |     4 |     6 |    10 |    16 ||    36
       Potion            |       |     1 |     2 |     3 ||     6
 Stab: Sleeping          |     1 |       |       |       ||     1
  Eat: Chunk             |    15 |    23 |    35 |    95 ||   168
       Beef jerky        |       |       |     1 |       ||     1
